Map: Frost LE

Players

LiquidTLO (TLO) - Winner!

  • Race: Zerg Zerg
  • League: Grandmaster

Major (SpeCial)

  • Race: Terran Terran
  • League: Grandmaster

VOD

Have the link to the VOD?

Description

Time

  • Played on: July 6, 2016, 11:23 a.m.
  • Length: 10:55
Show
View Real Time Build Order
Export as new Build Order

LiquidTLO Zerg - Winner!

Build Orders: Hatch First 

Get SALT Encoding   

  12  0:01  Drone  
  13  0:13  Overlord  
  13  0:17  Drone  
  14  0:32  Drone x2  
  16  0:38  Drone  
  17  0:53  Hatchery  
  17  0:55  Drone  
  17  0:58  Drone  
  17  1:01  Extractor  
  17  1:08  Drone  
  18  1:17  Spawning Pool  
  17  1:20  Drone  
  18  1:28  Drone  
  19  1:39  Overlord  
  19  1:59  Drone  
  20  2:04  Metabolic Boost, Queen  
  20  2:05  Queen  
  20  2:06  Zergling x2  
  25  2:11  Drone  
  25  2:12  Drone  
  27  2:16  Drone  
  27  2:22  Drone  
  29  2:27  Drone  
  30  2:38  Drone, Hatchery  
  30  2:40  Drone  
  30  2:43  Drone  
  32  2:49  Queen  
  33  2:52  Drone  
  33  2:58  Overlord  
  34  3:00  Drone  
  35  3:06  Extractor, Queen  
  37  3:17  Overlord  
  37  3:18  Drone  
  38  3:20  Overlord  
  38  3:21  Drone x3  
  38  3:22  Drone  
  42  3:31  Extractor, Drone  
  42  3:32  Drone  
  43  3:37  Queen  
  45  3:41  Zergling x2  
  46  3:49  Queen  
  46  3:50  Drone  
  46  3:53  Drone  
  46  3:54  Zergling x2  
  51  3:55  Drone  
  51  3:56  Drone x2  
  51  3:57  Baneling Nest  
  51  3:58  Drone  
  51  4:00  Drone  
  51  4:02  Drone  
  56  4:04  Drone  
  57  4:10  Zergling x4, Spore Crawler  
  57  4:12  Zergling x2  
  57  4:14  Zergling x2  
  57  4:16  Zergling x2  
  61  4:18  Zergling x2  
  61  4:23  Zergling x2  
  63  4:26  Zergling x2  
  63  4:28  Zergling x2, Evolution Chamber x2  
  63  4:30  Overlord  
  62  4:34  Spore Crawler  
  62  4:35  Drone  
  62  4:36  Drone  
  63  4:40  Zergling x2  
  63  4:45  Drone  
  62  4:47  Drone x2  
  62  4:48  Drone  
  62  4:49  Drone  
  62  4:50  Drone  
  67  4:53  Drone  
  67  4:54  Drone x3  
  67  4:58  Drone  
  73  5:00  Drone  
  73  5:01  Zerg Ground Armor Level 1  
  73  5:14  Overlord  
  73  5:18  Lair  
  73  5:20  Zerg Melee Weapons Level 1  
  73  5:21  Overlord  
  73  5:22  Zergling x2  
  73  5:23  Roach Warren, Extractor  
  73  5:24  Extractor  
  73  5:25  Drone  
  73  5:26  Zergling x2  
  73  5:27  Zergling x2  
  73  5:28  Zergling x2  
  74  5:32  Zergling x4  
  74  5:34  Zergling x2  
  77  5:36  Drone  
  77  5:39  Drone  
  77  5:40  Drone x2  
  77  5:42  Zergling x2  
  81  5:45  Zergling x2  
  81  5:50  Drone  
  81  5:51  Drone  
  81  5:52  Drone x3  
  81  5:53  Drone  
  81  5:55  Overlord  
  87  5:57  Drone x2  
  87  6:00  Drone  
  87  6:02  Drone  
  87  6:03  Drone  
  90  6:06  Drone  
  90  6:09  Drone  
  90  6:11  Queen, Drone  
  89  6:12  Overlord x2  
  86  6:20  Extractor x2  
  82  6:26  Infestation Pit  
  82  6:29  Drone  
  82  6:31  Spire, Drone  
  82  6:32  Roach Warren  
  82  6:34  Zergling x4  
  82  6:35  Zergling x2  
  82  6:37  Zergling x2  
  85  6:40  Zergling x4  
  85  6:42  Drone  
  86  6:48  Zergling x2  
  86  6:54  Zergling x2  
  86  6:55  Zergling x2  
  86  6:56  Zergling x4  
  86  6:57  Drone  
  86  6:58  Zergling x4  
  86  7:00  Zerg Ground Armor Level 2  
  89  7:02  Zergling x4  
  89  7:05  Hive  
  92  7:08  Drone  
  92  7:09  Zergling x4  
  92  7:11  Infestor x2  
  92  7:12  Zergling x2  
  92  7:13  Zergling x2  
  100  7:15  Zergling x4  
  100  7:22  Zergling x2  
  102  7:26  Zergling x4  
  103  7:30  Zergling x2  
  103  7:31  Zergling x2  
  103  7:35  Infestor, Hatchery  
  106  7:38  Drone x2  
  106  7:39  Drone x4  
  106  7:43  Zergling x2  
  113  7:45  Zergling x2  
  113  7:49  Spine Crawler x2  
  113  7:50  Spine Crawler  
  111  7:56  Corruptor  
  112  7:58  Overlord x2  
  112  8:00  Overlord  
  112  8:03  Overlord  
  112  8:04  Zergling x2  
  112  8:05  Zergling x2  
  111  8:07  Overlord  
  111  8:10  Overlord  
  111  8:11  Extractor, Zergling x2  
  110  8:13  Baneling x3  
  110  8:14  Extractor  
  110  8:18  Ultralisk Cavern  
  108  8:21  Drone  
  108  8:22  Drone x2  
  109  8:28  Zerg Melee Weapons Level 2  
  109  8:32  Adrenal Glands  
  109  8:35  Zergling x4  
  109  8:36  Zergling x2  
  109  8:37  Zergling x2  
  113  8:41  Zergling x2  
  113  8:44  Zergling x2, Baneling  
  113  8:45  Zergling x4, Baneling x2  
  113  8:48  Zergling x2  
  112  8:50  Zergling x2  
  112  8:52  Baneling  
  109  9:00  Zergling x2  
  109  9:02  Zergling x2  
  111  9:05  Chitinous Plating  
  111  9:07  Ultralisk  
  111  9:08  Ultralisk  
  123  9:15  Ultralisk  
  126  9:22  Ultralisk  
  117  9:25  Zergling x2  
  117  9:26  Corruptor  
  117  9:28  Corruptor  
  122  9:33  Corruptor  
  124  9:39  Zergling x2  
  124  9:40  Zergling x4  
  124  9:41  Zergling x4  
  124  9:42  Zergling x2  
  124  9:45  Ultralisk  
  135  9:47  Baneling  
  135  9:48  Baneling x3  
  135  9:59  Ultralisk  
  141  10:06  Zergling x2  
  141  10:07  Zergling x20, Overseer  
  151  10:11  Drone  
  152  10:14  Zergling x4  
  160  10:25  Zergling x2  
  166  10:35  Zergling x2  
Show
View Real Time Build Order
Export as new Build Order

Major Terran 

Build Orders: Liberator Opening, Reaper Expand, MMM Bio 

Get SALT Encoding   

  12  0:00  SCV  
  13  0:12  SCV  
  14  0:18  Supply Depot  
  14  0:25  SCV  
  15  0:29  Refinery  
  15  0:39  SCV  
  16  0:45  Barracks  
  16  0:52  SCV  
  17  1:04  SCV  
  18  1:16  SCV  
  19  1:33  Reaper  
  19  1:34  Orbital Command  
  20  1:44  Command Center  
  20  1:57  Factory  
  20  2:00  SCV  
  21  2:11  Barracks Reactor  
  21  2:12  SCV  
  22  2:16  Supply Depot  
  22  2:24  SCV  
  22  2:26  Refinery  
  23  2:38  SCV  
  24  2:46  Hellion  
  24  2:47  Starport  
  24  2:48  Marine  
  24  2:49  Marine  
  24  2:50  SCV  
  29  2:57  Orbital Command  
  29  3:02  SCV  
  30  3:14  SCV  
  30  3:15  Hellion x2  
  30  3:16  Marine  
  36  3:23  SCV  
  36  3:26  SCV  
  38  3:30  Medivac  
  40  3:34  Supply Depot  
  40  3:35  SCV  
  40  3:38  SCV  
  42  3:42  Liberator  
  42  3:44  Hellion x2  
  46  3:56  SCV x2  
  46  3:57  Supply Depot  
  51  4:08  SCV x2  
  53  4:20  SCV x2  
  53  4:21  Hellion x2  
  53  4:22  Supply Depot  
  53  4:23  Barracks Tech Lab  
  59  4:32  SCV x2  
  59  4:35  Liberator  
  60  4:44  SCV x2  
  62  4:48  Marine  
  66  4:55  Command Center  
  66  4:56  SCV x2  
  68  5:00  Engineering Bay  
  68  5:02  Engineering Bay  
  68  5:03  Factory Reactor  
  68  5:06  Marine  
  66  5:12  SCV  
  66  5:13  SCV  
  65  5:18  Refinery, Barracks  
  65  5:19  Refinery  
  65  5:20  Barracks  
  65  5:21  Bunker  
  65  5:23  Marine  
  66  5:30  SCV x2  
  58  5:41  Marine  
  58  5:42  SCV x2  
  54  5:44  Terran Infantry Weapons Level 1, Terran Infantry Armor Level 1  
  42  5:57  SCV x2  
  42  5:59  Starport Reactor  
  42  6:02  Factory Reactor  
  44  6:09  SCV  
  45  6:13  Marine x2  
  48  6:21  SCV  
  48  6:22  Orbital Command  
  46  6:31  SCV  
  46  6:33  SCV  
  46  6:34  Marine x3  
  46  6:36  Marine, Medivac  
  46  6:39  Stimpack  
  53  6:43  SCV  
  53  6:45  SCV  
  54  6:47  Marine  
  54  6:49  Armory  
  54  6:50  SCV  
  54  6:52  Marine x3  
  54  6:53  Medivac  
  61  6:55  SCV  
  61  6:56  Marine  
  58  7:03  SCV x2  
  58  7:07  SCV  
  60  7:10  Marine x2  
  60  7:11  Marine x2  
  60  7:13  Marine  
  60  7:15  SCV x2  
  66  7:19  SCV  
  66  7:20  Supply Depot, Widow Mine x2  
  66  7:21  Supply Depot  
  72  7:27  SCV  
  72  7:28  Marine x2, SCV  
  72  7:29  Marine x2  
  77  7:40  Barracks  
  77  7:41  Marine, Barracks, SCV x3  
  77  7:43  Supply Depot  
  81  7:45  Refinery, Marine  
  81  7:46  Marine  
  81  7:47  Refinery  
  83  7:53  Marine, SCV x3  
  86  8:02  Marine  
  86  8:03  Marine  
  86  8:04  Marine  
  86  8:05  SCV x3  
  89  8:12  Terran Infantry Weapons Level 2  
  89  8:13  Terran Infantry Armor Level 2  
  89  8:14  Marine x2  
  89  8:18  SCV x3  
  89  8:19  Widow Mine x2  
  94  8:20  Marine x2  
  94  8:21  Marine  
  101  8:28  Supply Depot  
  101  8:37  Medivac  
  101  8:38  SCV  
  100  8:44  Marine  
  100  8:47  Marine x2  
  100  8:48  Combat Shields  
  101  8:49  Marine  
  101  8:50  Medivac  
  101  8:51  SCV x3  
  101  8:52  Marine  
  101  8:55  Barracks Reactor x2, Widow Mine x2  
  102  9:02  Marine  
  107  9:03  SCV x2  
  107  9:05  Supply Depot  
  107  9:06  SCV  
  109  9:16  Marine x3  
  109  9:17  Marine  
  109  9:18  Medivac  
  109  9:19  Marine  
  109  9:20  Medivac  
  87  9:24  SCV  
  87  9:27  Widow Mine x2  
  92  9:32  Marine x2, Barracks  
  92  9:34  Marine x3  
  92  9:35  Marine x3  
  92  9:37  Marine  
  100  9:38  Barracks  
  100  9:45  SCV x3  
  103  9:46  Supply Depot  
  103  9:49  Marine  
  103  9:50  Marine  
  103  9:52  Marine x2, Marauder, Liberator  
  109  9:53  Marine x3  
  109  9:55  Marine  
  109  9:58  Refinery  
  109  9:59  Supply Depot  
  113  10:02  Widow Mine x2  
  117  10:08  Marine x2  
  117  10:10  Supply Depot, Marine x3  
  125  10:18  Marine x2  
  125  10:20  Marine x2  
  130  10:26  Marine  
  128  10:29  Barracks Tech Lab  
  128  10:30  Marine x3  
  128  10:31  Marine  
Tags
 
Add a new tag
Caveats
  • Supply blocks, unpowered buildings, or Contaminate may cause inaccurate times.
  • Supply counts are checked every 10 seconds.